 Dungeon Crawl Stone Soup version 0.32-a0-995-gb4a59205af (webtiles) character file.

Game seed: 8084070297854299331

20974 jasper the Grappler (level 12, -3/88 HPs)
             Began as a Vampire Shapeshifter on Apr 22, 2024.
             Was a High Priest of Makhleb.
             Slain by a skyshark (10 damage)
             ... on level 2 of the Lair of Beasts.
             The game lasted 00:20:20 (12143 turns).

jasper the Grappler (Vampire Shapeshifter)         Turns: 12143, Time: 00:20:21

Health: -3/88      AC: 17    Str: 17    XL:     12   Next: 50%
Magic:  0/13       EV: 10    Int: 15    God:    Makhleb [*****.]
Gold:   616        SH:  5    Dex: 15    Spells: 5/11 levels left

rFire   . .          .
                       - Unarmed
rCold   + . .        r - +0 buckler
rNeg    . . .        K - +0 acid dragon scales
rPois   .            (no helmet)
rElec   .            P - +2 cloak
rCorr   +            W - +1 pair of gloves "Orowk" {Regen+ Int+3}
SInv    +            F - +1 pair of boots
Will    +....        f - amulet of the Vendetta {Spirit rC+ Regen+}
Stlth   +            n - +4 ring of protection
HPRegen 2.14/turn    Z - ring of flight
MPRegen 0.13/turn

%: guardian spirit
@: flying, healing quickly, invisible
A: alive, fangs 3, see invisible, vampiric 2
a: Exsanguinate, Renounce Religion, Minor Destruction, Lesser Servant of
Makhleb, Major Destruction, Greater Servant of Makhleb


You were on level 2 of the Lair of Beasts.
You worshipped Makhleb.
Makhleb was extremely pleased with you.
You visited 2 branches of the dungeon, and saw 13 of its levels.
You also visited: Ossuary and Bailey.

You collected 796 gold pieces.
You spent 180 gold pieces at shops.

Inventory:

Missiles
 e - 45 boomerangs (quivered)
 g - 134 stones
 R - 4 atropa-tipped darts
 S - 15 poisoned darts
 T - 11 curare-tipped darts
 Y - 6 throwing nets
Armour
 h - a +1 pair of boots
 r - a +0 buckler (worn)
 F - a +1 pair of boots (worn)
 K - +0 acid dragon scales (worn)
 P - a +2 cloak (worn)
 Q - a +0 plate armour
 V - +0 steam dragon scales
 W - the +1 pair of gloves "Orowk" (worn) {Regen+ Int+3}
   (You acquired it on level 8 of the Dungeon)

   Int+3:     It affects your intelligence (+3).
   Regen+:    It increases your rate of health regeneration.
Jewellery
 f - the amulet of the Vendetta (around neck) {Spirit rC+ Regen+}
   (You acquired it on level 1 of the Dungeon)

   [amulet of guardian spirit]

   Spirit:    It causes incoming damage to be divided between your reserves of
   health and magic.
   rC+:       It protects you from cold.
   Regen+:    It increases your rate of health regeneration.
 n - a +4 ring of protection (left hand)
 z - a ring of resist corrosion
 D - a ring of magical power
 H - a ring of fire
 L - a ring of fire
 Z - a ring of flight (right hand)
Talismans
 c - a beast talisman
 d - a flux talisman
Wands
 B - a wand of warping (2)
 E - a wand of digging (6)
 G - a wand of charming (17)
 J - a wand of flame (53)
 N - a wand of mindburst (5)
 X - a wand of light (4)
Scrolls
 l - 2 scrolls of amnesia
 p - a scroll of enchant weapon {unknown}
 t - a scroll of enchant armour
 w - 4 scrolls of teleportation
 x - 2 scrolls of identify
 y - a scroll of fog
 M - 3 scrolls of immolation
 O - 2 scrolls of poison
Potions
 a - a potion of might
 b - a potion of lignification
 i - 5 potions of brilliance
 j - 4 potions of degeneration
 k - 3 potions of enlightenment
 m - 4 potions of berserk rage
 o - 4 potions of attraction
 s - a potion of cancellation
 u - 3 potions of curing
 v - a potion of resistance
 I - a potion of haste
 U - a potion of heal wounds {unknown}


   Skills:
 - Level 6.0 Fighting
 - Level 2.1 Dodging
 - Level 5.7 Shields
 - Level 14.1 Unarmed Combat
 - Level 10.0 Summonings
 - Level 10.0 Air Magic
 + Level 1.7 Invocations
 - Level 3.2 Shapeshifting


You had 5 spell levels left.
You knew the following spells:

 Your Spells              Type           Power      Damage    Failure   Level
a - Blink                 Tloc           0%         N/A       56%         2
b - Summon Lightning Spi  Summ/Air       30%        N/A       8%          4

Your spell library contained the following spells:

 Spells                   Type           Power      Damage    Failure   Level
 Static Discharge         Conj/Air       30%        3-5/arc   9%          2
 Summon Ice Beast         Ice/Summ       15%        N/A       19%         3
 Magic Dart               Conj           0%         1d3       43%         1
 Lesser Beckoning         Tloc           0%         N/A       56%         2
 Momentum Strike          Conj/Tloc      0%         3d8       56%         2
 Searing Ray              Conj           0%         2d4       56%         2
 Tukima's Dance           Hex            0%         N/A       80%         3
 Arcjolt                  Conj/Air       7%         1d17      86%         5
 Silence                  Hex/Air        7%         N/A       86%         5
 Summon Mana Viper        Hex/Summ       15%        N/A       86%         5
 Fulminant Prism          Conj/Alch      0%         3d5       99%         4
 Passage of Golubria      Tloc           0%         N/A       99%         4
 Yara's Violent Unravell  Hex/Alch       0%         3d3       100%        5
 Monstrous Menagerie      Summ           15%        N/A       100%        7
 Lehudib's Crystal Spear  Conj/Erth      0%         10d2      100%        8


Dungeon Overview and Level Annotations

Branches:
Dungeon (11/15)            Temple (0/1) D:6            Lair (2/5) D:11
    Orc (0/2) D:10        Ossuary (visited)          Bailey (visited)
  Swamp: Lair:2-3    Shoals: Lair:2-3     Snake: Lair:2-3    Spider: Lair:2-3

Altars:
Cheibriados
Gozag
Hepliaklqana
Kikubaaqudgha
Makhleb
Sif Muna
Beogh

Shops:
D:7 *   D:8 :   D:9 (   D:11 *


Innate Abilities, Weirdness & Mutations

Your natural rate of healing is accelerated.
You have razor-sharp teeth.
You have supernaturally acute eyesight. (SInv)
You are afflicted with vampirism and can become a bat while bloodless.


Message History

The skyshark tail-slaps you but does no damage.
The skyshark misses you.
You take 10 damage, and have 45/88 hp.
You now have 5/13 mp.
You punch the skyshark!
The skyshark is lightly wounded.
The skyshark barely misses you. You block the skyshark's attack.
The skyshark tail-slaps you but does no damage.
You regained 2 hp, and now have 47/88 hp.
You fade into invisibility!
The skyshark bites you. You block the skyshark's attack.
The skyshark tail-slaps you.
You take 1 damage, and have 46/88 hp.
You now have 4/13 mp.
You pummel the skyshark!!
The skyshark is moderately wounded.
The skyshark bites you.
The skyshark tail-slaps you but does no damage. x2
You now have 3/13 mp.
You barely miss the skyshark. Your bite misses the skyshark.
The skyshark is moderately wounded.
You block the skyshark's attack. The skyshark closely misses you.
The skyshark tail-slaps you!
You take 7 damage, and have 40/88 hp.
You now have 2/13 mp.
The skyshark bites you! The skyshark closely misses you.
The skyshark tail-slaps you.
* * * LOW HITPOINT WARNING * * *
You take 14 damage, and have 26/88 hp.
You now have 0/13 mp.
The skyshark bites you!!
* * * LOW HITPOINT WARNING * * *
The skyshark tail-slaps you but does no damage.
The skyshark completely misses you.
You take 15 damage, and have 11/88 hp.
Okay, then.
Okay, then.
You feel better. The skyshark bites you!
* * * LOW HITPOINT WARNING * * *
The skyshark tail-slaps you.
* * * LOW HITPOINT WARNING * * *
You block the skyshark's attack. The skyshark barely misses you.
The skyshark tail-slaps you!
You die...

.................†....).†........
..................###.###.#......
...................#### ###P.....
#..P.............### ##.....
..................# #...##
......#..####....## #..##
...#.##### ##....###### PP..#
..#.. ##..I.............. .....
#..F@...# #.#.#..## ## ##....##.#
# ###..# . ##.## #......### #...
...##.#÷####....##
Y...<...<(.......# ...
.................# ..#
#§≈#..§.##§......### #..##
≈§≈≈≈≈§§§≈≈.....≈≈≈# #...#
≈§§≈≈≈§§§≈≈.....≈≈≈## #P...##


You could see a skyshark (berserk, unable to see you, ally target) and a
friendly lightning spire (summoned).

Vanquished Creatures
  Harold (Lair:2)
  Erolcha (D:9)
  4 two-headed ogres (D:11)
  An orc knight (Bailey)
  An ugly thing (D:11)
  A manticore (D:11)
  Maggie (D:8)
  5 cane toads
  Jeremiah (D:9)
  A kobold demonologist (D:11)
  7 komodo dragons
  A rime drake (Lair:1)
  2 trolls (D:10)
  3 blink frogs (Lair:1)
  A vampire (D:10)
  A shadow (D:11)
  A wraith (D:10)
  A wyvern (D:10)
  7 fire bats (Lair:2)
  15 yaks
  Eustachio (D:4)
  2 steam dragons
  2 fire elementals (Lair:2)
  2 acid dragons
  8 water moccasins
  Duvessa (D:6)
  8 orc warriors
  A sky beast (D:7)
  A black bear (Lair:1)
  2 ogres
  6 wolves (Lair:1)
  4 centaurs
  2 phantoms
  2 elf zombies (Ossuary)
  6 kobold brigands (Bailey)
  7 bullfrogs
  2 scorpions
  4 wights (D:10)
  Dowan (D:6)
  9 killer bees
  5 howler monkeys
  4 hounds
  A gnoll bouda (D:7)
  7 centaur zombies (Ossuary)
  Crazy Yiuf (D:6)
  2 jellies
  2 human zombies (Ossuary)
  3 orc priests
  3 sleepcaps
  An iron imp (D:3)
  Jessica (D:2)
  An iguana (D:4)
  Terence (D:1)
  4 orc wizards
  4 mummies
  10 adders
  10 gnolls
  A shadow imp (D:7)
  4 white imps
  4 ribbon worms
  4 dart slugs
  50 orcs
  8 ball pythons
  7 endoplasms
  2 giant cockroaches (D:1)
  2 hobgoblins
  9 jackals (D:1)
  3 quokkas
  3 training dummies (D:9)
  7 bats
  4 frilled lizards
  4 goblins
  20 kobolds
  6 rats
325 creatures vanquished.

Vanquished Creatures (collateral kills)
  A molten gargoyle (Lair:2)
  A yak (Lair:2)
2 creatures vanquished.

Vanquished Creatures (others)
  2 yaks (Lair:2)
  2 adders (D:6)
  An orc (D:8)
5 creatures vanquished.

Grand Total: 332 creatures vanquished

Notes
Turn   | Place    | Note
-------+----------+-------------------------------------------
     0 | D:1      | jasper the Vampire Shapeshifter began the quest for the
                  | Orb.
     0 | D:1      | Reached XP level 1. HP: 14/14 MP: 1/1
    97 | D:1      | Reached skill level 4 in Unarmed Combat
    97 | D:1      | Reached XP level 2. HP: 18/20 MP: 2/2
   525 | D:1      | Gained mutation: You are afflicted with vampirism and can
                  | become a bat while bloodless. [Vampire growth]
   525 | D:1      | Reached XP level 3. HP: 25/25 MP: 3/3
   930 | D:1      | Identified a scroll of acquirement
   930 | D:1      | Acquired the amulet of the Vendetta {Spirit rC+ Regen+}
  1159 | D:2      | Noticed Terence
  1174 | D:1      | Killed Terence
  1175 | D:1      | Reached skill level 5 in Unarmed Combat
  1394 | D:2      | Reached XP level 4. HP: 31/31 MP: 4/4
  1436 | D:2      | Noticed Jessica
  1441 | D:2      | Killed Jessica
  1784 | D:2      | Reached skill level 6 in Unarmed Combat
  1928 | D:3      | Noticed a scorpion
  2099 | D:3      | Killed a scorpion
  2100 | D:3      | Reached XP level 5. HP: 36/36 MP: 5/5
  2633 | D:3      | Found a burning altar of Makhleb.
  2657 | D:3      | Reached skill level 7 in Unarmed Combat
  2659 | D:3      | Became a worshipper of Makhleb the Destroyer
  3077 | D:4      | Reached XP level 6. HP: 41/42 MP: 3/6
  3101 | D:4      | Found an ancient bone altar of Kikubaaqudgha.
  3129 | D:4      | Noticed Eustachio
  3140 | D:4      | Killed Eustachio
  3141 | D:4      | Reached skill level 8 in Unarmed Combat
  3389 | D:4      | Reached XP level 7. HP: 47/47 MP: 7/7
  3522 | D:4      | Reached skill level 9 in Unarmed Combat
  4253 | D:5      | Entered Level 5 of the Dungeon
  4347 | D:5      | Reached * piety under Makhleb
  4378 | D:5      | Found an opulent altar of Gozag.
  4615 | D:5      | Reached skill level 10 in Unarmed Combat
  4860 | D:5      | Reached skill level 1 in Fighting
  5013 | D:6      | Found a runed translucent door.
  5014 | D:6      | Noticed Crazy Yiuf
  5071 | D:6      | Reached XP level 8. HP: 41/54 MP: 6/8
  5210 | D:6      | Reached skill level 1 in Shields
  5258 | D:6      | Noticed Dowan
  5258 | D:6      | Noticed Duvessa
  5290 | D:6      | Killed Duvessa
  5291 | D:6      | Reached skill level 11 in Unarmed Combat
  5294 | D:6      | Killed Dowan
  5481 | D:6      | Found a staircase to the Ecumenical Temple.
  5783 | D:6      | Killed Crazy Yiuf
  5922 | D:7      | Found a flagged portal.
  5929 | D:7      | Reached ** piety under Makhleb
  5950 | Bailey   | Entered a bailey
  6007 | Bailey   | Reached XP level 9. HP: 64/64 MP: 7/9
  6052 | Bailey   | Noticed an orc knight
  6087 | Bailey   | Killed an orc knight
  6088 | Bailey   | Reached skill level 12 in Unarmed Combat
  6090 | Bailey   | Identified the +7 rapier "Vampire's Foe" {heavy, Int+3}
  6200 | Bailey   | Found a bloodstained altar of Trog.
  6315 | D:7      | Got the Codex of Austromancy
  6443 | D:7      | Found a sand-covered staircase.
  6463 | Ossuary  | Entered an ossuary
  6548 | Ossuary  | Reached skill level 13 in Unarmed Combat
  6926 | D:7      | Found Oqoakoq's Overcharged Wands.
  7164 | D:7      | Found a hazy altar of Hepliaklqana.
  7227 | D:8      | Found Lubi's Book Shoppe.
  7257 | D:8      | Reached skill level 5 in Fighting
  7260 | D:8      | Reached *** piety under Makhleb
  7285 | D:8      | Reached XP level 10. HP: 68/74 MP: 8/10
  7306 | D:8      | Reached skill level 5 in Shields
  7309 | D:8      | Noticed Maggie
  7342 | D:8      | Killed Maggie
  7485 | D:8      | Learned a level 2 spell: Blink
  7490 | D:8      | Learned a level 4 spell: Summon Lightning Spire
  7582 | D:8      | Reached skill level 14 in Unarmed Combat
  7661 | D:8      | Reached **** piety under Makhleb
  7702 | D:8      | Found a roughly hewn altar of Beogh.
  7829 | D:8      | Acquired the +1 pair of gloves "Orowk" {Regen+ Int+3}
  7843 | D:8      | Identified the +4 flail "Adwixuyz" {vamp, Fly rF- rC++
                  | Str+2}
  8149 | D:9      | Noticed Jeremiah
  8183 | D:9      | Killed Jeremiah
  8184 | D:9      | Reached skill level 1 in Summonings
  8184 | D:9      | Reached skill level 1 in Air Magic
  8255 | D:9      | Found Orohef's Firing Range.
  8264 | D:9      | Bought 2 throwing nets for 90 gold pieces
  8264 | D:9      | Bought 2 throwing nets for 90 gold pieces
  8402 | D:9      | Noticed Erolcha
  8424 | D:9      | Killed Erolcha
  8570 | D:9      | Found a shimmering blue altar of Sif Muna.
  8604 | D:9      | Found a snail-covered altar of Cheibriados.
  8790 | D:10     | Entered Level 10 of the Dungeon
  9014 | D:10     | Found a staircase to the Orcish Mines.
  9207 | D:10     | You fall into a shaft and drop 1 floor!
  9324 | D:11     | Reached XP level 11. HP: 81/81 MP: 11/11
  9328 | D:11     | Noticed a two-headed ogre
  9338 | D:11     | Killed a two-headed ogre
  9435 | D:11     | Noticed a two-headed ogre
  9440 | D:11     | Killed a two-headed ogre
  9441 | D:11     | Reached skill level 5 in Summonings
  9441 | D:11     | Reached skill level 5 in Air Magic
  9619 | D:11     | Noticed a soul eater
  9664 | D:11     | Found a staircase to the Lair.
  9710 | D:11     | Noticed a green ugly thing
  9728 | D:11     | Killed a green ugly thing
  9820 | D:11     | Noticed a two-headed ogre
  9827 | D:11     | Killed a two-headed ogre
  9892 | D:11     | Noticed a two-headed ogre
  9909 | D:11     | Killed a two-headed ogre
  9965 | D:11     | Found Feiga's General Store.
 10610 | Lair:1   | Entered Level 1 of the Lair of Beasts
 11013 | Lair:1   | Reached XP level 12. HP: 88/88 MP: 9/12
 11041 | Lair:1   | Reached ***** piety under Makhleb
 11763 | Lair:2   | Noticed Harold
 11862 | Lair:2   | Killed Harold
 11931 | Lair:2   | Reached skill level 10 in Summonings
 12049 | Lair:2   | Reached skill level 10 in Air Magic
 12049 | Lair:2   | Reached skill level 1 in Invocations
 12143 | Lair:2   | Slain by a skyshark

Illustrated notes

Levels and vault maps discovered:
D:1:      onia_arrival_handbag, layout_loops_corners
D:2:      layout_basic, uniq_terence, uniq_jessica
D:3:      layout_basic, demons_altar, serial_corexii_hall,
          chequers_hall_statues_corner_a, corexii_hall_statues_t,
          chequers_hall_statues_y, chequers_hall_statues_wall_a, chequers_jeans,
          nrook_mini_backslash, minmay_misc_feat_rows,
          dreamdust_mushroom_princess
D:4:      layout_basic, kennysheep_little_box, grunt_decor_cap,
          patterned_corridor, uniq_eustachio
D:5:      layout_loops_ring, grunt_gozag_breadcrumbs
D:6:      layout_cave_pools, minmay_temple_entry_wispy, nicolae_half_adder,
          uniq_duvessa, uniq_crazy_yiuf_cottage
D:7:      layout_cave_pools, nicolae_hepliaklqana_hippocampus,
          gup_ossuary_entry_pyramid, enter_bailey_4, hangedman_decor_lopped,
          grunt_ministairs_9, nicolae_shop_overcharged_wands
D:8:      layout_rooms, mainiacjoe_overflow_alcove_4, serial_shops, shop,
          special_room [special_room_orc], serial_bayou_pond_a,
          amcnicky_mini_rare_corridor_liquid, uniq_maggie
D:9:      layout_irregular_city, kennysheep_mini_moat, cheibriados_altar_1,
          nicolae_shop_firing_range, uniq_jeremiah, uniq_erolcha
D:10:     layout_big_octagon, orc_0_dummy, due_unseen_surprise
D:11:     layout_roguey, lair_entry_dummy, serial_shops, shop,
          dreamdust_princess_bridge
Lair:1:   layout_cave_pods, gauntlet_entry_generic, st_stairs_5,
          dreamdust_deal_with_the_devil
Lair:2:   minmay_lair_oklob_chamber, layout_chaotic_city,
          nicolae_shoals_entry_roost, uniq_harold, uniq_amaemon

Skill      XL: |  1  2  3  4  5  6  7  8  9 10 11 12 |
---------------+-------------------------------------+-----
Unarmed Combat | 4 5 6 7 8 10 11 13 14 | 14.1
Fighting       | 1 3 5 6 |  6.0
Shields        | 3 4 5 |  5.7
Summonings     | 4 8 10 | 10.0
Air Magic      | 4 8 10 | 10.0
Invocations    | 1 |  1.7
Dodging        | |  2.1
Shapeshifting  | |  3.2

Action                     |  1- 3 |  4- 6 |  7- 9 | 10-12 || total
---------------------------+-------+-------+-------+-------++-------
  Melee: Unarmed           |    91 |   129 |   508 |   674 ||  1402
         Punch             |     2 |     1 |       |       ||     3
         Bite              |    11 |    14 |    52 |    82 ||   159
  Throw: Boomerang         |    20 |    11 |     8 |     4 ||    43
         Dart              |       |       |       |     1 ||     1
   Cast: Summon Lightning  |       |       |       |     4 ||     4
Ability: Begin Untransform |       |     1 |       |       ||     1
  Evoke: Wand              |       |       |     7 |    22 ||    29
    Use: Scroll            |     5 |       |    13 |    11 ||    29
         Potion            |       |       |     1 |     8 ||     9
   Stab: Distracted        |       |       |     1 |       ||     1
         Invisible         |       |       |       |     4 ||     4
 Armour: Animal skin       |    20 |    23 |       |       ||    43
         Scale mail        |    26 |    35 |       |       ||    61
         Leather armour    |       |     9 |   367 |    27 ||   403
         Skin              |       |       |    18 |       ||    18
         Acid dragon scale |       |       |       |   377 ||   377
  Dodge: Dodged            |    48 |    59 |   251 |   244 ||   602
  Block: Buckler           |       |    22 |   132 |   158 ||   312

Table legend: (Time is in decaauts)
 A = Elapsed time spent in this place.
 B = Non-inter-level travel time spent in this place.
 C = Inter-level travel time spent in this place.
 D = Time resting spent in this place.
 E = Time spent auto-exploring this place.
 F = Levels seen in this place.
 G = Mean time per level.
                   A        B        C        D        E       F      G
               +--------+--------+--------+--------+--------+-----+--------+
         Total |  11893 |  11207 |    686 |    199 |   8092 |  15 |  792.9 |
       Dungeon |   9768 |   9186 |    582 |     54 |   6930 |  11 |  888.0 |
          Lair |   1468 |   1364 |    104 |      0 |    954 |   2 |  734.0 |
       Ossuary |    347 |    347 |      0 |    134 |     75 |   1 |  347.0 |
        Bailey |    308 |    308 |      0 |     11 |    133 |   1 |  308.0 |
               +--------+--------+--------+--------+--------+-----+--------+

Top non-repeatable levels by time:
     D:4: 1266 daAuts
  Lair:1: 1151 daAuts
     D:2: 1016 daAuts
     D:3: 990 daAuts
     D:1: 968 daAuts
    D:11: 948 daAuts
     D:6: 854 daAuts
    D:10: 814 daAuts
     D:8: 799 daAuts
     D:9: 721 daAuts
     D:5: 708 daAuts
     D:7: 680 daAuts
 Ossuary: 347 daAuts
  Lair:2: 317 daAuts
  Bailey: 308 daAuts
